 Dungeon Crawl Stone Soup version 0.31.0-11-ge490571c62 (webtiles) character file.

Game seed: 17711553373017869017

80413 SnakkuSnakku7 the Severer (level 15, -19/110 HPs)
             Began as a Mummy Alchemist on Jan 27, 2024.
             Was the Champion of Okawaru.
             Demolished by Frances
             ... wielding a +0 war axe
              (23 damage)
             ... on level 13 of the Dungeon.
             The game lasted 00:36:08 (24049 turns).

SnakkuSnakku7 the Severer (Mummy Alchemist)        Turns: 24049, Time: 00:36:09

Health: -19/110    AC: 21    Str: 22    XL:     15   Next: 23%
Magic:  20/21      EV: 13    Int: 12    God:    Okawaru [******]
Gold:   2302       SH: 15    Dex: 16    Spells: 19/19 levels left

rFire   + . .        a - +8 mithril axe "Arga" {speed, Will+}
rCold   . . .        B - +3 warlock's mirror {omnireflect}
rNeg    + + +        O - +2 scale mail {rF+}
rPois   ∞            k - +1 helmet
rElec   .            c - +2 cloak
rCorr   .            C - +5 pair of gloves "Gudd" {Rampage Str+4 Int-3 Dex+3}
SInv    .            (no boots)
Will    ++...        p - amulet of reflection
Stlth   ++           j - ring of fire
HPRegen 0.38/turn    A - +4 ring of slaying
MPRegen 0.17/turn

%: reflection, rampage, faith
@: heroic
A: cold resistance 1, negative energy resistance 3, torment resistance 2, heat
vulnerability 1, in touch with death 2, no potions, faith
a: Renounce Religion, Heroism, Finesse, Duel


You were on level 13 of the Dungeon.
You worshipped Okawaru.
Okawaru was exalted by your worship.
You visited 4 branches of the dungeon, and saw 21 of its levels.
You also visited: Sewer, Gauntlet, Ice Cave and Volcano.

You collected 2302 gold pieces.

Inventory:

Hand Weapons
 a - the +8 mithril axe "Arga" (weapon) {speed, Will+}
   (Okawaru gifted it to you in an ice cave)

   Will+:     It increases your willpower.
 b - a +9 broad axe of flaming
Missiles
 q - 3 throwing nets
 y - a curare-tipped dart (quivered)
Armour
 c - a +2 cloak (worn)
 k - a +1 helmet (worn)
 s - a +2 tower shield of cold resistance
 B - the +3 warlock's mirror (worn) {omnireflect}
   (You acquired it on level 1 of the Lair of Beasts)

   Omnireflect: It can block and reflect piercing ranged attacks and magical
   attacks against the wielder's willpower.
 C - the +5 pair of gloves "Gudd" (worn) {Rampage Str+4 Int-3 Dex+3}
   (You found it in a Gauntlet)

   Str+4:     It affects your strength (+4).
   Int-3:     It affects your intelligence (-3).
   Dex+3:     It affects your dexterity (+3).
   Rampage:   It bestows one free step when moving towards enemies.
 I - a scarf of resistance
 J - the +2 buckler of Nouzain {rF+}
   (Okawaru gifted it to you in an ice cave)

   rF+:       It protects you from fire.
 O - a +2 scale mail of fire resistance (worn)
Jewellery
 j - a ring of fire (left hand)
 o - a ring of ice
 p - an amulet of reflection (around neck)
 x - the amulet of Dim Light {Reflect Harm ^Fragile Str+8 Dex-2 SH+5}
   (You found it in a Gauntlet)

   [amulet of reflection]

   Reflect:   It reflects blocked missile attacks.
   Str+8:     It affects your strength (+8).
   Dex-2:     It affects your dexterity (-2).
   ^Fragile:  It will be destroyed if unequipped.
   SH+5:      It affects your SH (+5).
   Harm:      It increases damage dealt and taken.
 A - a +4 ring of slaying (right hand)
 L - a ring of ice
 M - an amulet of guardian spirit
Wands
 d - a wand of polymorph (7)
 h - a wand of acid (14)
 v - a wand of flame (33)
 w - a wand of digging (16)
 z - a wand of paralysis (12)
 E - a wand of mindburst (11)
 G - a wand of iceblast (9)
Scrolls
 e - 2 scrolls of revelation
 f - 8 scrolls of enchant armour
 g - a scroll of fear
 l - a scroll of torment
 m - 2 scrolls of fog
 n - 3 scrolls of poison
 r - 11 scrolls of teleportation
 t - 5 scrolls of silence
 u - 4 scrolls of vulnerability
 F - 5 scrolls of immolation
 K - a scroll of blinking
Miscellaneous
 D - a lightning rod (4/4)
 N - a phial of floods


   Skills:
 + Level 8.1(13.1) Fighting
 - Level 16.5(23.0) Axes
 - Level 12.0(20.8) Polearms
 - Level 1.5(6.5) Dodging
 - Level 1.5(6.5) Stealth
 - Level 5.0(10.0) Shields
 - Level 2.6 Spellcasting
 - Level 0.7 Conjurations
 - Level 2.4 Alchemy
 - Level 8.0 Invocations


You had 19 spell levels left.
You didn't know any spells.
Your spell library contained the following spells:

 Spells                   Type           Power      Damage    Failure   Level
 Sting                    Conj/Alch      20%        1d4       36%         1
 Mercury Vapours          Alch/Air       8%         N/A       56%         2
 Apportation              Tloc           2%         N/A       58%         1
 Slow                     Hex            4%         N/A       58%         1
 Ensorcelled Hibernation  Hex/Ice        2%         N/A       73%         2
 Jinxbite                 Hex            2%         N/A       73%         2
 Mephitic Cloud           Conj/Alch/Air  4%         N/A       82%         3
 Confusing Touch          Hex            1%         N/A       91%         3
 Passwall                 Erth           1%         N/A       91%         3
 Sigil of Binding         Hex            1%         N/A       91%         3
 Swiftness                Air            1%         N/A       91%         3
 Vampiric Draining        Necr           3%         2d6       91%         3
 Olgreb's Toxic Radiance  Alch           7%         N/A       95%         4
 Sticky Flame             Fire/Alch      6%         2d4       99%         4
 Cause Fear               Hex            0%         N/A       100%        4
 Dimensional Bullseye     Hex/Tloc       0%         N/A       100%        4
 Alistair's Intoxication  Alch           4%         N/A       100%        5
 Borgnjor's Vile Clutch   Necr/Erth      1%         N/A       100%        5
 Lee's Rapid Deconstruct  Erth           0%         3d4*      100%        5
 Yara's Violent Unravell  Hex/Alch       2%         3d3       100%        5
 Eringya's Noxious Bog    Alch           3%         4d6       100%        6
 Enfeeble                 Hex            0%         N/A       100%        7
 Call Canine Familiar     Summ           Unusable   N/A       N/A         3
 Animate Armour           Summ/Erth      Unusable   N/A       N/A         4
 Animate Dead             Necr           Unusable   N/A       N/A         4
 Summon Lightning Spire   Summ/Air       Unusable   N/A       N/A         4
 Summon Mana Viper        Hex/Summ       Unusable   N/A       N/A         5
 Death Channel            Necr           Unusable   N/A       N/A         6

Dungeon Overview and Level Annotations

Branches:
Dungeon (13/15)            Temple (1/1) D:7            Lair (5/5) D:9
 Shoals (0/4) Lair:2        Snake (0/4) Lair:3        Slime (0/5) Lair:4
    Orc (2/2) D:12            Elf (0/3) Orc:2         Sewer (visited)
  IceCv (visited)         Volcano (visited)         Gauntlet (visited)
 Vaults: D:13-14

Altars:
Ashenzari
Cheibriados
Dithmenos
Fedhas
Gozag
Hepliaklqana
Kikubaaqudgha
Makhleb
Nemelex Xobeh
Okawaru
Qazlal
Ru
Sif Muna
Trog
Uskayaw
Vehumet
Wu Jian
Xom
Yredelemnul

Shops:
Orc:2 !!(:

Portals:
Trove: D:12 (give 8 scrolls of fog)

Annotations:
D:13 Frances
Lair:3 2 transporters, exclusion: 4 oklob plants, osinmv's ghost, journeyman TrBe


Innate Abilities, Weirdness & Mutations

You are immune to poison.
Your flesh is cold resistant. (rC+)
You are immune to negative energy. (rN+++)
You are immune to unholy pain and torment.
You are vulnerable to heat. (rF-)
You are strongly in touch with the powers of death.
You do not drink.
You have a special connection with the divine. (Faith)


Message History

The ice devil disappears in a puff of smoke!
You hit Frances.
Frances is lightly wounded.
Frances screams a word of power!
You hit Frances.
Frances is lightly wounded.
You slash Frances!
Frances is lightly wounded.
Frances barely misses you.
You barely miss Frances.
Frances is lightly wounded.
You slash Frances!
Frances is moderately wounded.
Frances whispers indecipherable words.
The shard of ice hits you!!
* * * LOW HITPOINT WARNING * * *
You barely miss Frances.
Frances is moderately wounded.
You block Frances's attack.
Okay, then.
You slice Frances!!
Frances is heavily wounded.
You block Frances's attack.
You slice Frances!!
Frances is heavily wounded.
You block Frances's attack.
You slice Frances!!
Frances is severely wounded.
You hit Frances.
Frances is severely wounded.
Frances hits you with a +0 war axe!!
* * * LOW HITPOINT WARNING * * *
You slash Frances!
Frances is almost dead.
Frances sneers.
Frances closely misses you.
You slash Frances!
Frances is almost dead.
Frances hits you with a +0 war axe!!
You die...

#.#...........#
##@#.###.......#
...§...........#
.....4..####################
...........................#
........##################.#
..........4c?..44# #.#
......[.########@# #.#
........# #@# #.# ....:...#
#.# #.# ........# #.# #.#
######### #.# #.# ###### #.#
#.# .....# #.# #.# .....#
#.# ######.# .....#
##.####...##.# .....#
#..#.........#


You could see Frances (fast), a rust devil (summoned) and a chaos spawn
(summoned).

Vanquished Creatures
  Rupert (Lair:3)
  Gastronok (D:12)
  A quicksilver ooze (Gauntlet)
  Nessos (D:13)
  A dire elephant (Lair:5)
  A minotaur (Gauntlet)
  Erolcha (Orc:2)
  Fannar (D:12)
  2 hydras (Lair:5)
  3 ogre magi (Orc:2)
  The ghost of LoggersVIII the Covert, a journeyman OpEE of Jiyva (Lair:2)
  A deep troll shaman (Lair:5)
  3 two-headed ogres
  2 catoblepae
  A centaur warrior (D:13)
  A boulder beetle (D:12)
  10 death yaks
  Urug (D:12)
  A hell knight (Volcano)
  A skyshark (Lair:4)
  Nergalle (Orc:2)
  A necromancer (IceCv)
  A lindwurm (Orc:2)
  An orc knight (Orc:2)
  The ghost of Jase the Changeling, a novice DrSh of Uskayaw (D:6)
  4 ugly things
  A cyclops (D:12)
  5 orc sorcerers (Orc:2)
  A manticore (D:11)
  An ice statue (IceCv)
  A salamander (Lair:3)
  6 kobold blastminers
  14 elephants
  7 black mambas
  A gargoyle (D:12)
  A smoke demon (Volcano)
  An eye of devastation (Gauntlet)
  9 cane toads
  2 minotaur zombies (Gauntlet)
  A kobold demonologist (D:11)
  12 ice devils (IceCv)
  3 rime drakes
  Psyche (D:8)
  2 anaconda simulacra (IceCv)
  4 komodo dragons
  2 red devils (Volcano)
  2 polar bears
  10 trolls
  12 blink frogs
  A merfolk (Lair:2)
  A glass eye (Gauntlet)
  16 dream sheep (Lair:5)
  Sigmund (D:6)
  3 slime creatures (D:12)
  44 yaks
  4 wyverns
  3 wraiths
  4 shadows
  4 dire elephant simulacra (IceCv)
  4 basilisks
  A steam dragon (Lair:1)
  2 death yak simulacra (IceCv)
  3 wargs
  Menkaure (D:5)
  A harpy simulacrum (IceCv)
  2 acid dragons
  A hell hound (Volcano)
  11 water moccasins
  Duvessa (D:7)
  3 hydra simulacra (IceCv)
  19 orc warriors
  A black bear (Lair:1)
  2 ice beasts (D:8)
  2 laughing skulls (Gauntlet)
  23 wolves
  14 ogres
  4 centaurs
  A phantom (D:5)
  A weeping skull (Gauntlet)
  5 kobold brigands
  A brain worm (Sewer)
  17 bullfrogs
  2 gnoll sergeants
  4 cane toad simulacra (IceCv)
  3 scorpions
  15 wights
  Dowan (D:7)
  5 elephant simulacra (IceCv)
  3 howler monkeys (D:7)
  3 electric eels (Lair:2)
  5 bombardier beetles
  4 lava snakes
  A crimson imp (D:10)
  A jelly (D:8)
  17 orc priests
  5 hounds
  Crazy Yiuf (D:6)
  A gnoll bouda (D:7)
  2 sleepcaps (D:5)
  2 iguanas
  37 orc wizards
  6 polar bear simulacra (IceCv)
  3 wolf simulacra (IceCv)
  16 gnolls
  10 adders
  A naga simulacrum (IceCv)
  4 river rats (Sewer)
  3 shadow imps
  16 white imps
  2 ufetubi (IceCv)
  A dart slug (D:1)
  3 ribbon worms
  52 orcs
  12 ball pythons
  10 endoplasms
  4 giant cockroaches
  11 goblins
  9 hobgoblins
  A jackal (Sewer)
  9 quokkas
  7 bats
  4 frilled lizards
  21 kobolds
  17 rats
678 creatures vanquished.

Notes
Turn   | Place    | Note
-------+----------+-------------------------------------------
     0 | D:1      | SnakkuSnakku7 the Mummy Alchemist began the quest for the
                  | Orb.
     0 | D:1      | Reached XP level 1. HP: 13/13 MP: 4/4
    36 | D:1      | Reached skill level 1 in Fighting
   163 | D:1      | Reached XP level 2. HP: 21/22 MP: 5/5
   560 | D:1      | Reached XP level 3. HP: 19/28 MP: 7/7
  1504 | D:2      | Reached XP level 4. HP: 33/37 MP: 8/8
  2228 | D:2      | Reached skill level 1 in Axes
  2228 | D:2      | Reached XP level 5. HP: 43/43 MP: 9/9
  2361 | D:3      | Reached skill level 2 in Axes
  2375 | D:3      | Found a glowing drain.
  2379 | Sewer    | Entered a sewer
  2452 | Sewer    | Reached XP level 6. HP: 45/49 MP: 10/10
  2497 | Sewer    | Reached skill level 3 in Axes
  2916 | Sewer    | Reached skill level 4 in Axes
  3128 | D:3      | Reached XP level 7. HP: 38/55 MP: 11/11
  3249 | D:3      | Found a sacrificial altar of Ru.
  3493 | D:4      | Reached skill level 5 in Axes
  3752 | D:4      | Found a sparkling altar of Nemelex Xobeh.
  4026 | D:4      | Found a snail-covered altar of Cheibriados.
  4325 | D:5      | Entered Level 5 of the Dungeon
  4499 | D:5      | Reached skill level 6 in Axes
  4800 | D:5      | Reached XP level 8. HP: 57/61 MP: 12/12
  5235 | D:6      | Noticed Menkaure
  5253 | D:5      | Killed Menkaure
  5254 | D:5      | Reached skill level 7 in Axes
  5643 | D:6      | Noticed Sigmund
  5720 | D:6      | Killed Sigmund
  5944 | D:6      | Found a runed translucent gate.
  5944 | D:6      | Found a runed translucent gate.
  5944 | D:6      | Found a runed translucent gate.
  5949 | D:6      | Noticed Jase's ghost (novice DrSh)
  5949 | D:6      | Identified the +4 chain mail of Wariness {Rampage Int+2
                  | SInv Stlth-}
  6089 | D:6      | Reached XP level 9. HP: 58/66 MP: 13/13
  6393 | D:6      | Found a runed translucent door.
  6394 | D:6      | Noticed Crazy Yiuf
  6613 | D:7      | Found a broken altar of Ashenzari.
  6615 | D:7      | Found a basalt altar of Yredelemnul.
  6684 | D:7      | Reached skill level 5 in Polearms
  6775 | D:7      | Noticed Duvessa
  6778 | D:7      | Noticed Dowan
  6780 | D:7      | Killed Duvessa
  6790 | D:7      | Killed Dowan
  6815 | D:7      | Found a bloodstained altar of Trog.
  6815 | D:7      | Found an ornate altar of the Wu Jian Council.
  6941 | D:7      | Found a staircase to the Ecumenical Temple.
  6992 | Temple   | Entered the Ecumenical Temple
  7012 | Temple   | Became a worshipper of Warmaster Okawaru
  7289 | D:6      | Killed Crazy Yiuf
  7754 | D:8      | Reached * piety under Okawaru
  7973 | D:8      | Reached XP level 10. HP: 73/73 MP: 14/14
  8258 | D:8      | Noticed Psyche
  8266 | D:8      | Killed Psyche
  8410 | D:9      | Reached ** piety under Okawaru
  8686 | D:9      | Noticed a death yak
  8699 | D:9      | Noticed a death yak
  8701 | D:9      | Noticed a death yak
  8859 | D:9      | Found a staircase to the Lair.
  8971 | D:9      | Reached *** piety under Okawaru
  8972 | D:9      | Reached skill level 10 in Polearms
  9113 | D:9      | Killed a death yak
  9349 | D:9      | Killed a death yak
  9349 | D:9      | Reached **** piety under Okawaru
  9561 | D:9      | Killed a death yak
  9562 | D:9      | Reached XP level 11. HP: 78/78 MP: 15/15
  9572 | D:10     | Entered Level 10 of the Dungeon
  9768 | D:10     | Found a shadowy altar of Dithmenos.
 10016 | D:10     | Found a burning altar of Makhleb.
 10017 | D:10     | Found a radiant altar of Vehumet.
 10109 | D:10     | Reached ***** piety under Okawaru
 10520 | Lair:1   | Entered Level 1 of the Lair of Beasts
 10551 | Lair:1   | Found a gate leading to a gauntlet.
 10564 | Lair:1   | Reached skill level 1 in Invocations
 10605 | Gauntlet | Entered a Gauntlet
 10605 | Gauntlet | Found a transporter.
 10605 | Gauntlet | Found a transporter.
 10614 | Gauntlet | Found a transporter.
 10625 | Gauntlet | Found a transporter.
 10631 | Gauntlet | Noticed a reaper
 10642 | Gauntlet | Found a transporter.
 10653 | Gauntlet | Found a transporter.
 10670 | Gauntlet | Found a transporter.
 10744 | Gauntlet | Found a transporter.
 10744 | Gauntlet | Found a transporter.
 10748 | Gauntlet | Noticed a death drake
 10754 | Gauntlet | Noticed a green death
 10755 | Gauntlet | Found a transporter.
 10757 | Gauntlet | Found a transporter.
 10765 | Gauntlet | Found a transporter.
 10814 | Gauntlet | Found a transporter.
 10829 | Gauntlet | Found a transporter.
 10841 | Gauntlet | Noticed a quicksilver ooze
 10843 | Gauntlet | Found a transporter.
 10856 | Gauntlet | Found a transporter.
 10937 | Gauntlet | Received a gift from Okawaru
 10978 | Gauntlet | Killed a quicksilver ooze
 11055 | Gauntlet | Identified the amulet of Dim Light {Reflect Harm ^Fragile
                  | Str+8 Dex-2 SH+5}
 11092 | Gauntlet | Identified the +5 pair of gloves "Gudd" {Rampage Str+4
                  | Int-3 Dex+3}
 11121 | Gauntlet | Noticed a minotaur
 11134 | Gauntlet | Killed a minotaur
 11135 | Gauntlet | Reached skill level 5 in Invocations
 11472 | Gauntlet | Identified the +8 sling "Guoxzy" {heavy, +Blink rElec rF-
                  | Int-4}
 11472 | Gauntlet | Identified the +11 sling of the Candelabrum {freeze,
                  | ^Contam rCorr Str+3 Int+6}
 11476 | Lair:1   | Identified a scroll of acquirement
 11478 | Lair:1   | Acquired the +3 warlock's mirror {omnireflect}
 11478 | Lair:1   | Found the +3 warlock's mirror {omnireflect}
 11633 | Lair:1   | Received a gift from Okawaru
 11742 | Lair:1   | Reached XP level 12. HP: 66/84 MP: 17/17
 11843 | Lair:1   | Reached skill level 5 in Fighting
 12410 | Lair:2   | Found a runed translucent door.
 12415 | Lair:2   | Noticed LoggersVIII's ghost (journeyman OpEE)
 12883 | Lair:2   | Received a gift from Okawaru
 13273 | Lair:2   | Found a staircase to the Shoals.
 13529 | Lair:3   | Reached skill level 8 in Axes
 13608 | Lair:3   | Found a frozen archway.
 13614 | Lair:3   | Noticed an eight-headed hydra
 13735 | IceCv    | Entered an ice cave
 13753 | IceCv    | Reached skill level 9 in Axes
 13785 | IceCv    | Received a gift from Okawaru
 13799 | IceCv    | Reached ****** piety under Okawaru
 13944 | IceCv    | Acquired the +2 buckler of Nouzain {rF+}
 13944 | IceCv    | Received a gift from Okawaru
 13948 | IceCv    | Acquired the +8 mithril axe "Arga" {speed, Will+}
 13948 | IceCv    | Received a gift from Okawaru
 13948 | IceCv    | Found the +8 mithril axe "Arga" {speed, Will+}
 14148 | IceCv    | Found an ancient bone altar of Kikubaaqudgha.
 14176 | IceCv    | Reached skill level 10 in Axes
 14182 | IceCv    | Received a gift from Okawaru
 14539 | IceCv    | Gained mutation: You are strongly in touch with the powers
                  | of death. [Mummy growth]
 14539 | IceCv    | Reached XP level 13. HP: 98/98 MP: 19/19
 14775 | Lair:3   | Found a transporter.
 14781 | Lair:3   | Noticed osinmv's ghost (journeyman TrBe)
 14859 | Lair:3   | Received a gift from Okawaru
 14860 | Lair:3   | Reached skill level 11 in Axes
 14897 | Lair:3   | Found a transporter.
 15155 | Lair:3   | Found a staircase to the Snake Pit.
 15538 | Lair:3   | Noticed Rupert
 15595 | Lair:4   | Found a staircase to the Slime Pits.
 15770 | Lair:4   | Received a gift from Okawaru
 15778 | Lair:4   | Reached skill level 1 in Shields
 16571 | Lair:5   | Entered Level 5 of the Lair of Beasts
 16577 | Lair:5   | Received a gift from Okawaru
 16700 | Lair:5   | Reached skill level 5 in Shields
 16732 | Lair:5   | Reached skill level 12 in Axes
 16953 | Lair:5   | Received a gift from Okawaru
 17471 | Lair:5   | Reached XP level 14. HP: 104/104 MP: 20/20
 17479 | Lair:5   | Reached skill level 13 in Axes
 17616 | Lair:5   | Received a gift from Okawaru
 18153 | Lair:5   | Got the Quarto of Charms
 18307 | Lair:3   | Received a gift from Okawaru
 18403 | Lair:3   | Killed Rupert
 18404 | Lair:3   | Reached skill level 14 in Axes
 18931 | Lair:2   | Killed LoggersVIII's ghost
 19157 | D:6      | Killed Jase's ghost
 19660 | D:11     | Received a gift from Okawaru
 20247 | D:12     | Noticed Urug
 20261 | D:12     | Killed Urug
 20285 | D:12     | Noticed Gastronok
 20337 | D:12     | Killed Gastronok
 20379 | D:12     | Noticed Fannar
 20644 | D:12     | Killed Fannar
 20996 | D:12     | Reached skill level 15 in Axes
 21091 | D:12     | Found a staircase to the Orcish Mines.
 21321 | D:12     | Found a portal to a secret trove of treasure.
 21357 | D:12     | Received a gift from Okawaru
 21534 | Orc:1    | Entered Level 1 of the Orcish Mines
 21844 | Orc:2    | Entered Level 2 of the Orcish Mines
 21947 | Orc:2    | Found a dark tunnel.
 21971 | Orc:2    | Received a gift from Okawaru
 22036 | Volcano  | Entered a volcano
 22465 | Orc:2    | Found Qujen's Book Shoppe.
 22477 | Orc:2    | Received a gift from Okawaru
 22482 | Orc:2    | Reached XP level 15. HP: 91/110 MP: 21/21
 22572 | Orc:2    | Reached skill level 16 in Axes
 22584 | Orc:2    | Found an ancient bone altar of Kikubaaqudgha.
 22584 | Orc:2    | Noticed Nergalle
 22609 | Orc:2    | Killed Nergalle
 22614 | Orc:2    | Found Ereedimo's Antique Weapon Emporium.
 22619 | Orc:2    | Noticed Erolcha
 22627 | Orc:2    | Found a radiant altar of Vehumet.
 22634 | Orc:2    | Killed Erolcha
 22779 | Orc:2    | Found Tyufo's Distillery.
 22785 | Orc:2    | Found Husmau Maess's Distillery.
 22965 | Orc:2    | Found a staircase to the Elven Halls.
 23984 | D:13     | Noticed Frances
 24005 | D:13     | Noticed Nessos
 24034 | D:13     | Killed Nessos
 24034 | D:13     | Received a gift from Okawaru
 24047 | D:13     | HP: 3/110 [Frances/+0 war axe (21)]
 24049 | D:13     | Demolished by Frances

Illustrated notes

Levels and vault maps discovered:
D:1:      amcnicky_arrival_abandoned_market, layout_basic, minmay_pentomino_t2
D:2:      layout_loops_ring, minmay_misc_feat_encased
D:3:      kennysheep_the_goblin_king, layout_basic,
          nicolae_ru_the_path_less_chosen, gup_sewer_entry_bowl
D:4:      layout_loops_ring, overflow_temple_1_default, slow_altar_2
D:5:      layout_basic, hex_tiny
D:6:      minmay_angry_zag, layout_cave_pools, biasface_ghost_orc_armoury,
          feat_on_display, uniq_crazy_yiuf_cottage, uniq_sigmund, uniq_menkaure
D:7:      layout_basic, jmf_multi_god_temple,
          mainiacjoe_overflow_catwalk_spiral, minmay_temple_entry_hall,
          moated_statue, uniq_duvessa
D:8:      layout_basic, hex_medium, serial_library_hellmonk_junction,
          uniq_psyche
D:9:      layout_roguey, amcnicky_altar_gilded, dpeg_lair_monsters, minivault_16
D:10:     layout_irregular_city, grunt_temple_overflow_lords_of_destruction,
          grunt_dithmenos_smoke, serial_column_ruins, column_ruins_hut_ruined,
          column_ruins_hut_pillars, column_ruins_open_medium,
          column_ruins_open_tiny, column_ruins_corridor_T,
          column_ruins_columns_straight, column_ruins_open_tiny
D:11:     layout_stronghold, minmay_misc_feat_nine_boxes, minmay_microvault
D:12:     layout_basic, orc_0_dummy, enter_trove_6, uniq_gastronok, uniq_urug,
          uniq_fannar
D:13:     layout_basic, serial_glass, glass_columns_b, glass_columns_c,
          zin_academy, uniq_nessos, uniq_frances
Temple:   hellmonk_temple_of_storms
Lair:1:   layout_cave_pods, gauntlet_entry_generic, grunt_megastairs_5
Lair:2:   layout_chaotic_city, elwin_shoals_entry_rooms,
          ebering_ghost_reflecting_pool, serial_bayou_shore_a,
          grunt_megastairs_4, infiniplex_staircase_pool_2
Lair:3:   layout_layer_cave, nicolae_snake_entry_warm_welcome,
          portal_ice_cave_entry_imps, gammafunk_ghost_berserking_beasts,
          disabler_island, uniq_rupert
Lair:4:   layout_misc_corridors, slime_entry_1
Lair:5:   grunt_lair_end_beastmaster, layout_concentric_octagons,
          pdpol_lair_neglected_garden
Orc:1:    layout_caves, nicolae_orc_lava_room
Orc:2:    kennysheep_orc_mage_school, layout_diamond_mine,
          nicolae_volcano_entry_vermiform, nicolae_orc_quarried_blocks

Skill      XL: |  1  2  3  4  5  6  7  8  9 10 11 12 13 14 15 |
---------------+----------------------------------------------+-----
Fighting       | 1 2 3 4 7 8 |  8.1
Axes           | 1 2 4 6 7 10 12 15 16 | 16.5
Polearms       | 4 8 11 12 | 12.0
Invocations    | 7 8 |  8.0
Shields        | 5 |  5.0
Dodging        | |  1.5
Stealth        | |  1.5
Spellcasting   | |  2.6
Conjurations   | |  0.7
Alchemy        | |  2.4

Action                     |  1- 3 |  4- 6 |  7- 9 | 10-12 | 13-15 || total
---------------------------+-------+-------+-------+-------+-------++-------
  Melee: Club              |   108 |       |       |       |       ||   108
         Unarmed           |     3 |       |       |       |       ||     3
         Whip              |   129 |       |       |       |       ||   129
         Trident           |       |   258 |   212 |       |       ||   470
         Dagger            |       |     1 |       |       |       ||     1
         Halberd           |       |       |   224 |   421 |       ||   645
         Broad axe         |       |       |       |   104 |   916 ||  1020
         War axe           |       |       |       |    85 |       ||    85
  Throw: Dart              |       |       |    32 |     1 |     1 ||    34
   Cast: Sting             |     6 |       |       |       |       ||     6
 Invoke: Heroism           |       |       |       |     2 |     2 ||     4
         Receive Weapon    |       |       |       |     1 |       ||     1
         Receive Armour    |       |       |       |     1 |       ||     1
         Finesse           |       |       |       |       |     1 ||     1
  Evoke: Wand              |       |       |     2 |     5 |     5 ||    12
         Lightning rod     |       |       |       |       |     3 ||     3
    Use: Scroll            |       |     2 |     8 |    13 |    11 ||    34
   Stab: Sleeping          |       |     1 |       |     1 |       ||     2
         Petrifying        |       |       |       |       |     4 ||     4
         Distracted        |       |       |       |       |     2 ||     2
 Armour: Ring mail         |   184 |   164 |   312 |   360 |   294 ||  1314
         Robe              |     4 |       |       |       |       ||     4
         Scale mail        |       |       |       |       |    92 ||    92
  Dodge: Dodged            |   162 |   124 |   168 |   205 |   186 ||   845
  Block: Other             |       |       |    38 |    56 |       ||    94
         Reflection        |       |       |     1 |     8 |    34 ||    43
         Buckler           |       |       |       |    90 |   357 ||   447
